 Dungeon Crawl Stone Soup version 0.30-a0-272-gf98c3da03f (webtiles) character file.

Game seed: 17382349888912855077

2394 sleeves the Skirmisher (level 9, -4/67 HPs)
             Began as a Demigod Hunter on Oct 16, 2022.
             Slain by a warg (15 damage)
             ... on level 8 of the Dungeon.
             The game lasted 00:10:34 (8127 turns).

sleeves the Skirmisher (Demigod Hunter)             Turns: 8127, Time: 00:10:35

Health: -4/67      AC:  4    Str: 12    XL:     9   Next: 2%
Magic:  11/11      EV: 13    Int: 11    God:
Gold:   566        SH:  0    Dex: 29    Spells: 8/8 levels left

rFire   . . .      SeeInvis +    a - +0 shortbow (venom)
rCold   . . .      Faith    .    (shield currently unavailable)
rNeg    + . .      Spirit   .    B - +2 robe {rN+}
rPois   .          Reflect  .    r - +0 hat
rElec   .          Harm     +    g - scarf {harm}
rCorr   .          Rampage  .    (no gloves)
Will    +....                    (no boots)
Stlth   ++........               v - amulet of magic regeneration
HPRegen 0.31/turn                q - ring of willpower
MPRegen 0.52/turn                A - ring of see invisible

@: no status effects
A: high MP 1, forlorn, divine attributes
a: no special abilities


You were on level 8 of the Dungeon.
You visited 1 branch of the dungeon, and saw 8 of its levels.
You also visited: Ossuary.

You collected 566 gold pieces.

Inventory:

Hand Weapons
 a - a +0 shortbow of venom (weapon)
 y - a +3 short sword
   (You took it off an orc on level 5 of the Dungeon)
Armour
 g - a scarf of harm (worn)
   (You found it on level 1 of the Dungeon)
 r - a +0 hat (worn)
   (You found it on level 3 of the Dungeon)
 B - a +2 robe of positive energy (worn)
   (You took it off an orc wizard on level 5 of the Dungeon)
 E - a +0 leather armour of poison resistance
   (You found it on level 6 of the Dungeon)
Jewellery
 q - a ring of willpower (left hand)
   (You found it on level 2 of the Dungeon)
 v - an amulet of magic regeneration (around neck)
   (You found it on level 3 of the Dungeon)
 A - a ring of see invisible (right hand)
   (You found it on level 5 of the Dungeon)
Wands
 F - a wand of quicksilver (6)
   (You found it on level 7 of the Dungeon)
 I - a wand of polymorph (4)
   (You found it on level 7 of the Dungeon)
Scrolls
 b - 2 scrolls of immolation
 c - a scroll of magic mapping {unknown}
 d - 2 scrolls of blinking {unknown}
 e - a scroll of summoning {unknown}
 i - 3 scrolls of fog {unknown}
 k - 3 scrolls of amnesia {unknown}
 l - 3 scrolls of brand weapon
 m - 6 scrolls of identify {unknown}
 p - a scroll of noise {unknown}
 u - 2 scrolls of enchant weapon {unknown}
 w - a scroll of vulnerability {unknown}
 x - 3 scrolls of teleportation {unknown}
 G - a scroll of poison {unknown}
 H - a scroll of enchant armour {unknown}
Potions
 f - 6 potions of heal wounds {unknown}
 h - 4 potions of attraction {unknown}
 j - 3 potions of might {unknown}
 n - 3 potions of curing {unknown}
 o - 2 potions of berserk rage {unknown}
 s - 4 potions of haste
 t - 2 potions of brilliance {unknown}
 z - 2 potions of degeneration {unknown}
 C - a potion of magic {unknown}
 D - 2 potions of invisibility {unknown}


   Skills:
 - Level 1.7 Fighting
 + Level 11.9 Ranged Weapons
 - Level 1.7 Dodging
 - Level 0.8 Stealth


You had 8 spell levels left.
You didn't know any spells.
Your spell library contained the following spells:

 Spells                   Type           Power      Damage    Failure   Level
 Slow                     Hex            0%         N/A       34%         1
 Blink                    Tloc           0%         N/A       47%         2
 Momentum Strike          Conj/Tloc      0%         3d8       47%         2
 Confusing Touch          Hex            0%         N/A       71%         3
 Inner Flame              Hex/Fire       0%         N/A       71%         3
 Lesser Beckoning         Tloc           0%         N/A       71%         3
 Ozocubu's Armour         Ice            0%         N/A       71%         3
 Vampiric Draining        Necr           0%         2d6       71%         3
 Cause Fear               Hex            0%         N/A       98%         4
 Flame Wave               Conj/Fire      0%         2d4       98%         4
 Sticky Flame             Conj/Fire      0%         2d3       98%         4
 Ozocubu's Refrigeration  Ice            0%         4d7       100%        7
 Discord                  Hex            0%         N/A       100%        8


Dungeon Overview and Level Annotations

Branches:
Dungeon (8/15)             Temple (0/1) D:6         Ossuary (visited)
   Lair: D:8-11

Shops:
D:1 [

Annotations:
D:5 1 runed translucent door, Crazy Yiuf


Innate Abilities, Weirdness & Mutations

You have an increased reservoir of magic. (+10% MP)
You shall have no god before yourself.
Your divine heritage dramatically boosts your attributes as you level up.


Message History

The gnoll is almost dead.
The gnoll hits you with a +0 whip.
Fire: a) +0 shortbow
Press: ? - help, Q - select action Shift-Dir - straight line, f/p - centaur
Aim: a centaur (77% to hit)
You shoot an arrow. The arrow hits the gnoll!
You kill the gnoll!
The centaur wields a +0 shortbow.
The centaur shoots an arrow.
The arrow hits you.
The centaur shoots an arrow.
The arrow closely misses you. The gnoll barely misses you.
Fire: a) +0 shortbow
Press: ? - help, Q - select action Shift-Dir - straight line, f/p - centaur
Aim: a centaur, wielding a +0 shortbow (77% to hit)
You shoot an arrow. The arrow hits the centaur!
The centaur is severely wounded.
The centaur shoots an arrow.
The arrow hits you!
* * * LOW HITPOINT WARNING * * *
The gnoll hits you with a +0 whip!
* * * LOW HITPOINT WARNING * * *
Fire: a) +0 shortbow
Press: ? - help, Q - select action Shift-Dir - straight line, f/p - centaur
Aim: a centaur, wielding a +0 shortbow (severely wounded, 77% to hit)
You shoot an arrow. The arrow hits the centaur!
You kill the centaur!
The gnoll hits you with a +0 whip.
* * * LOW HITPOINT WARNING * * *
Your Ranged Weapons skill increases to level 9!
Fire: a) +0 shortbow
Press: ? - help, Q - select action Shift-Dir - straight line, f - gnoll
Aim: a gnoll, wielding a +0 whip (almost dead, 71% to hit)
You shoot an arrow. The arrow hits the gnoll!
You kill the gnoll!
You start resting.
HP restored.
You now have 351 gold pieces (gained 8).
Found a stone staircase leading up.
Found an escape hatch in the floor.
You now have 365 gold pieces (gained 14).
You open the door.
An orc wizard and 3 orcs come into view.
The orc shouts!
The orc wizard shouts!
The orc shouts! x2; You hear a shout!
An orc comes into view. It is wielding a +0 club.
Found a stone staircase leading up.
There are monsters nearby!
You shoot an arrow. The arrow completely misses the orc.
The arrow hits the orc.
The orc is heavily wounded.
You shoot an arrow. The arrow completely misses the orc.
The arrow closely misses the orc.
The arrow hits the orc wizard!
The orc wizard is almost dead.
You shoot an arrow. The arrow closely misses the orc.
The arrow hits the orc wizard!
You kill the orc wizard!
The orc hits you with a +0 club.
You shoot an arrow. The arrow hits the orc.
The orc is lightly wounded.
The orc hits you with a +0 club. x2
You shoot an arrow. The arrow hits the orc!
You kill the orc!
You hear a shout!
An orc comes into view. It is wielding a +3 short sword.
You shoot an arrow. The arrow hits the orc.
The orc is almost dead.
The orc hits you with a +0 short sword.
You shoot an arrow. The arrow hits the orc.
You kill the orc!
You shoot an arrow. The arrow hits the orc!
You kill the orc!
You shoot an arrow. The arrow completely misses the orc.
The arrow hits the orc but does no damage.
You shoot an arrow. The arrow hits the orc!
You kill the orc!
You shoot an arrow. The arrow hits the orc!
You kill the orc!
No target in view!
Items here: )))) ††.
A hound comes into view.
Things that are here:
a +3 short sword; 2 boomerangs; a +0 leather armour
y - a +3 short sword You shoot an arrow.
The arrow misses the hound.
The hound barks!
You shoot an arrow. The arrow closely misses the hound.
The hound bites you. x2
You shoot an arrow. The arrow closely misses the hound.
The hound closely misses you.
You shoot an arrow. The arrow hits the hound!
The hound is severely wounded.
The hound bites you. The hound bites you but does no damage.
You shoot an arrow. The arrow hits the hound.
The hound is severely wounded.
The hound closely misses you.
You shoot an arrow.
The arrow hits the hound but does no damage.
The hound is severely wounded.
The hound barely misses you. x2
You shoot an arrow. The arrow hits the hound!
You kill the hound!
Fire: a) +0 shortbow
Press: ? - help, Q - select action Shift-Dir - straight line, f - you Really target yourself?
Okay, then.
There is an open door, spattered with blood here.
Items here: ) [ ††.
There is a stone staircase leading up here.
Found a robe.
l - 4 scrolls labelled COMIKIWNESI (gained 1)
j - 2 viscous puce potions (gained 1)
A black bear comes into view.
A black bear is nearby!
You don't know any spells.
You start putting on your armour.
You continue putting on your +0 hat. x4
You finish putting on your +0 hat.
As you read the scroll labelled COMIKIWNESI, it crumbles to dust.
It is a scroll of brand weapon.
Your +0 shortbow drips with poison.
a - a +0 shortbow of venom (weapon)
Okay, then.
The black bear growls angrily.
You shoot an arrow. The arrow hits the black bear!
The black bear is poisoned.
The black bear is moderately wounded.
You shoot an arrow. The arrow hits the black bear!
You kill the black bear!
No target in view!
Found a ring mail.
m - 4 scrolls labelled OTURGH LAYRGH (gained 1)
You now have 376 gold pieces (gained 11).
You open the door.
Found 4 stones.
There is an open door here.
You see here 4 stones.
You open the door.
There is an open door here.
A - a ring of see invisible You open the door.
Found a burning altar of Makhleb.
h - 4 amethyst potions (gained 1)
An orc wizard comes into view. It is wielding a +0 dagger.
The orc wizard shouts!
An orc comes into view. It is wielding a +0 war axe.
You shoot an arrow. The orc shouts!
The arrow hits the orc wizard but does no damage.
The orc wizard is poisoned.
An orc comes into view. It is wielding a +0 flail.
You shoot an arrow. The orc shouts!
The arrow hits the orc wizard.
The orc wizard looks as sick as possible!
The orc wizard is moderately wounded.
An orc wizard comes into view.
It is wielding a +0 dagger and wearing a +2 robe of positive energy.
You shoot an arrow. The orc wizard shouts!
The arrow hits the orc wizard!
You kill the orc wizard!
You shoot an arrow. The arrow barely misses the orc.
You shoot an arrow. The arrow barely misses the orc.
You shoot an arrow. The arrow hits the orc!
You kill the orc!
The orc wizard gestures at you while chanting.
The magic dart hits you!
You shoot an arrow. The arrow hits the orc wizard.
The orc wizard is moderately wounded.
You shoot an arrow. The arrow hits the orc wizard.
The orc wizard is poisoned.
The orc wizard is heavily wounded.
The orc wizard drinks a potion.
The orc wizard seems to speed up.
You shoot an arrow. The arrow hits the orc wizard!
You kill the orc wizard!
You shoot an arrow.
The arrow hits the orc but does no damage.
The orc is poisoned.
You shoot an arrow. The arrow hits the orc!
You kill the orc!
Items here: )) [ ††.
Things that are here:
a +0 dagger; a +2 robe of positive energy
Things that are here:
a +0 dagger; a +0 robe
Found a stone staircase leading down.
An adder comes into view.
An adder is nearby!
You shoot an arrow. The adder hisses angrily.
The arrow hits the adder.
The adder is poisoned.
The adder is lightly wounded.
You shoot an arrow. The arrow hits the adder!
You kill the adder!
No target in view!
Things that are here:
a +0 dagger; a +0 robe
Things that are here:
a +0 dagger; a +2 robe of positive energy
B - a +2 robe of positive energy You start removing your armour.
You continue taking off your +0 leather armour. x4
You finish taking off your +0 leather armour.
You start putting on your armour.
You continue putting on your +2 robe of positive energy. x5
You finish putting on your +2 robe of positive energy.
You feel more protected from negative energy.
You drop a +0 leather armour.
A - a ring of see invisible (right hand)
Things that are here:
a +0 dagger; a +0 robe You open the door.
There is an open door here.
A scorpion comes into view.
Found 10 gold pieces.
A scorpion is nearby!
A scorpion is nearby!
You shoot an arrow. The arrow hits the scorpion!
The scorpion is poisoned.
The scorpion is severely wounded.
You shoot an arrow. The arrow closely misses the scorpion.
You kill the scorpion!
You have reached level 8!
A water moccasin comes into view.
A water moccasin is nearby!
A water moccasin is nearby!
You shoot an arrow. The arrow hits the water moccasin.
The water moccasin is moderately wounded.
You shoot an arrow. The arrow hits the water moccasin.
The water moccasin is moderately wounded.
You shoot an arrow.
The arrow closely misses the water moccasin.
The water moccasin closely misses you.
You shoot an arrow.
The arrow closely misses the water moccasin.
The water moccasin closely misses you.
You shoot an arrow. The arrow hits the water moccasin!
The water moccasin is severely wounded.
The water moccasin barely misses you.
The water moccasin bites you but does no damage.
You shoot an arrow. The arrow hits the water moccasin.
The water moccasin is severely wounded.
The water moccasin closely misses you.
You shoot an arrow. The arrow hits the water moccasin!
You kill the water moccasin!
Your Ranged Weapons skill increases to level 10!
You now have 386 gold pieces (gained 10).
Found a stone staircase leading down.
You open the door.
There is an open door here.
You open the door.
A black bear comes into view.
A black bear is nearby!
You shoot an arrow. The arrow hits the black bear!
The black bear growls angrily.
The black bear is heavily wounded.
You shoot an arrow. The arrow barely misses the black bear.
You shoot an arrow. The arrow barely misses the black bear.
You shoot an arrow.
The arrow completely misses the black bear.
The black bear bites you. The black bear misses you.
The black bear barely misses you.
You shoot an arrow.
The arrow hits the black bear but does no damage.
The black bear is poisoned.
The black bear is heavily wounded.
The black bear closely misses you. The black bear barely misses you.
The black bear claws you.
You shoot an arrow.
The arrow closely misses the black bear.
The black bear bites you. The black bear misses you. The black bear claws you.
You shoot an arrow. The arrow hits the black bear.
The black bear looks as sick as possible!
The black bear is severely wounded.
The black bear goes berserk!
You shoot an arrow.
The arrow closely misses the black bear.
The black bear bites you.
The black bear claws you but does no damage.
The black bear barely misses you.
You shoot an arrow. The arrow hits the black bear.
You kill the black bear!
There is an open door here.
You now have 403 gold pieces (gained 17).
A quokka comes into view.
A quokka is nearby!
A quokka is nearby!
You shoot an arrow. The arrow hits the quokka.
The quokka is severely wounded.
You shoot an arrow. The arrow hits the quokka!
You kill the quokka!
You see here a quokka corpse.
j - 3 viscous puce potions (gained 1)
m - 5 scrolls labelled OTURGH LAYRGH (gained 1)
c - a scroll labelled TOERUMUEPSO As you open the door, it creaks loudly!
You open the door.
Found an escape hatch in the ceiling.
There is an open door here.
Found a whip.
You now have 412 gold pieces (gained 9).
C - a sedimented pink potion
Found 7 stones.
Found a hammer.
Found a runed translucent door.
Crazy Yiuf shouts!
There is an open door here.
You see here a +0 long sword.
You see here a +0 whip.
There is a stone staircase leading down here.
Key pressed, stopping explore.
Found 4 stones.
You see here 4 stones.
You see here 4 stones.
You see here a +0 robe.
Key pressed, stopping explore.
Things that are here:
a +0 flail; a +0 scale mail; a +0 war axe
Things that are here:
a +0 leather armour; a +0 dagger
Things that are here:
a +0 dagger; a +0 robe You open the door.
There is an open door here.
There is an open door here.
Crazy Yiuf shouts!
Could not explore, unopened runed door.
Could not explore, unopened runed door.
Could not explore, unopened runed door.
Press: ? - help, v - describe, . - travel
Here: Crazy Yiuf, wielding a +3 quarterstaff of chaos and wearing a +0 cloak (fire blocked by a runed translucent door)
The floor.
Unknown command.
(D) Dungeon
Where to? (Enter - D:5, ? - help)
There is an open door here.
There is an open door here.
There is a stone staircase leading down here.
You climb downwards.
Found 8 stones.
Found two stone staircases leading down.
There is a stone staircase leading up here.
You open the door.
There is an open door here.
You open the door.
There is an open door here.
Found an escape hatch in the ceiling.
n - 3 red potions (gained 1)
There is an escape hatch in the ceiling here.
An ogre comes into view. It is wielding a +0 giant spiked club.
The ogre shouts!
An ogre is nearby!
You shoot an arrow. The arrow hits the ogre!
The ogre is heavily wounded.
You shoot an arrow. The arrow hits the ogre!
The ogre is almost dead.
You shoot an arrow. The arrow hits the ogre!
You kill the ogre!
f - 3 sedimented black potions (gained 1)
A white imp comes into view.
The white imp shouts!
A white imp is nearby!
You shoot an arrow. The arrow hits the white imp.
The white imp is lightly wounded.
You shoot an arrow. The arrow barely misses the white imp.
You shoot an arrow.
The arrow hits the white imp but does no damage.
The white imp is lightly wounded.
You shoot an arrow. The arrow hits the white imp.
The white imp is heavily wounded.
You shoot an arrow. The arrow hits the white imp!
You kill the white imp!
A wight comes into view. It is wielding a +4 dagger.
You shoot an arrow. The arrow hits the wight.
The wight is heavily damaged.
You shoot an arrow. The arrow hits the wight!
You destroy the wight!
A wight comes into view. It is wielding a +0 morningstar.
You shoot an arrow. The arrow hits the wight!
The wight is heavily damaged.
You shoot an arrow. The arrow completely misses the wight.
You shoot an arrow. The arrow hits the wight.
The wight is severely damaged.
You shoot an arrow.
The arrow hits the wight but does no damage.
The wight is severely damaged.
You shoot an arrow.
The arrow hits the wight but does no damage.
The wight is severely damaged.
You shoot an arrow.
The arrow hits the wight but does no damage.
The wight is severely damaged.
You shoot an arrow. The arrow hits the wight!
You destroy the wight!
Things that are here:
a +0 morningstar; a +0 robe
Found a rapier.
Things that are here:
a +4 dagger; a +0 robe You now have 417 gold pieces (gained 5).
Found a stone staircase leading up. 2 wights come into view.
You see here a +0 rapier.
Fire: a) +0 shortbow (venom)
Press: ? - help, Q - select action Shift-Dir - straight line, f - wight
Aim: a wight, wielding a +2 dire flail and wearing a +0 robe (dormant, 98% to hit)
You shoot an arrow. The arrow hits the wight.
The wight is moderately damaged.
Fire: a) +0 shortbow (venom)
Press: ? - help, Q - select action Shift-Dir - straight line, f/p - wight
Aim: a wight, wielding a +2 dire flail and wearing a +0 robe (moderately damaged, 69% to hit)
You shoot an arrow. The arrow completely misses the wight.
Fire: a) +0 shortbow (venom)
Press: ? - help, Q - select action Shift-Dir - straight line, f/p - wight
Aim: a wight, wielding a +2 dire flail and wearing a +0 robe (moderately damaged, 69% to hit)
You shoot an arrow. The arrow hits the wight!
You destroy the wight!
Fire: a) +0 shortbow (venom)
Press: ? - help, Q - select action Shift-Dir - straight line, f - you Really target yourself?
Okay, then.
Fire: a) +0 shortbow (venom)
Press: ? - help, Q - select action Shift-Dir - straight line, f - you Really target yourself?
Okay, then.
Fire: a) +0 shortbow (venom)
Press: ? - help, Q - select action Shift-Dir - straight line, f - wight
Aim: a wight, wielding a +4 battleaxe and wearing a +0 robe (69% to hit)
You shoot an arrow. The arrow hits the wight!
The wight is heavily damaged.
Fire: a) +0 shortbow (venom)
Press: ? - help, Q - select action Shift-Dir - straight line, f/p - wight
Aim: a wight, wielding a +4 battleaxe and wearing a +0 robe (heavily damaged, 69% to hit)
You shoot an arrow. The arrow hits the wight!
You destroy the wight!
Your Ranged Weapons skill increases to level 11!
Fire: a) +0 shortbow (venom)
Press: ? - help, Q - select action Shift-Dir - straight line, f - you Really target yourself?
Okay, then.
Things that are here:
a +2 dire flail; a +0 robe
Found 10 gold pieces.
Things that are here:
a +4 battleaxe; a +0 robe You now have 427 gold pieces (gained 10).
You open the door.
There is an open door here.
You open the door.
There is an open door here.
There is an open door here.
An adder comes into view.
An adder is nearby!
You shoot an arrow. The arrow hits the adder!
The adder is almost dead.
You shoot an arrow. The arrow hits the adder!
You kill the adder!
No target in view!
You open the door.
Found a stone staircase leading down.
There is an open door here.
o - 2 viscous golden potions (gained 1)
You now have 437 gold pieces (gained 10).
You open the door.
An orc comes into view. It is wielding a +0 falchion.
There is an open door here.
An orc is nearby!
You shoot an arrow.
The arrow hits the orc but does no damage.
The orc is poisoned.
The orc shouts!
You shoot an arrow. The arrow hits the orc.
The orc is almost dead.
You kill the orc!
No target in view!
An orc wizard and an orc come into view.
An orc wizard comes into view. It is wielding a +0 dagger.
The orc wizard moves out of view.
The orc moves out of view.
An orc wizard is nearby!
An orc wizard is nearby!
You shoot an arrow. The orc wizard shouts!
The arrow hits the orc wizard but does no damage.
The orc wizard is poisoned.
You shoot an arrow.
The arrow closely misses the orc wizard.
The orc wizard shouts!
The orc shouts!
The arrow hits the orc wizard.
The orc wizard is poisoned.
The orc wizard is heavily wounded.
The orc wizard casts a spell at you. The magic dart hits you.
You shoot an arrow. The arrow hits the orc wizard!
You kill the orc wizard!
You shoot an arrow. The arrow hits the orc wizard!
You kill the orc wizard!
You shoot an arrow. The arrow hits the orc!
You kill the orc!
No target in view!
HP restored.
D - a puce potion You open the door.
There is an open door here.
You open the door.
There is an open door here.
You now have 446 gold pieces (gained 9).
You open the door.
There is an open door here.
You open the door.
There is an open door here.
You open the door.
Found 5 poisoned darts.
There is an open door here.
Found a club.
Found a leather armour.
You see here a +0 club.
You open the door.
There is an open door here.
You see here a +0 leather armour of poison resistance.
You now have 456 gold pieces (gained 10).
i - 3 scrolls labelled QUANIZEFES (gained 1)
Found 5 stones.
Found 4 poisoned darts.
Found a leather armour.
Found a stone staircase leading up.
An iguana comes into view.
An iguana is nearby!
You shoot an arrow. The arrow hits the iguana!
The iguana is poisoned.
The iguana hisses angrily.
The iguana is heavily wounded.
You shoot an arrow. The arrow hits the iguana.
The iguana looks as sick as possible!
The iguana is almost dead.
You kill the iguana!
No target in view!
Search for what [Enter for "blade", or ? for help]? leat You see here 5 stones.
You see here a +0 leather armour of poison resistance.
E - a +0 leather armour of poison resistance You start removing your armour.
You continue taking off your +2 robe of positive energy. x4
You finish taking off your +2 robe of positive energy.
You feel less protected from negative energy.
You start putting on your armour.
You continue putting on your +0 leather armour of poison resistance. x5
You finish putting on your +0 leather armour of poison resistance.
You feel resistant to poison.
You start removing your armour.
You continue taking off your +0 leather armour of poison resistance. x4
You finish taking off your +0 leather armour of poison resistance.
You no longer feel resistant to poison.
You start putting on your armour.
You continue putting on your +2 robe of positive energy. x5
You finish putting on your +2 robe of positive energy.
You feel more protected from negative energy.
You open the door.
There is an open door here.
Found 6 curare-tipped darts.
You open the door.
There is an open door here.
Found an escape hatch in the floor.
Found a staircase to the Ecumenical Temple.
Found a robe.
k - 2 scrolls labelled CACYMOI RULY (gained 1)
x - 3 scrolls labelled FOSSIO CAME (gained 1)
You now have 475 gold pieces (gained 19).
You open the door.
There is an open door here.
You see here a +0 robe.
You open the door.
Found an ornate altar of the Wu Jian Council.
There is an open door here.
There is an open door here.
There is an open door here.
An adder comes into view.
Found a scroll labelled SOAVASHYQIHO.
An adder is nearby!
An adder is nearby!
An adder is nearby!
You shoot an arrow. The arrow hits the adder.
The adder hisses angrily.
The adder is lightly wounded.
You shoot an arrow. The arrow hits the adder!
The adder looks as sick as possible!
The adder is almost dead.
You kill the adder!
You see here an adder corpse.
u - 2 scrolls labelled SOAVASHYQIHO (gained 1)
You open the door.
There is an open door here.
There is an open door here.
You open the door.
There is an open door here.
You open the door.
There is an open door here.
An orc comes into view. It is wielding a +0 club.
Found 2 gold pieces.
The orc shouts!
An orc is nearby!
An orc is nearby!
An orc is nearby!
You shoot an arrow. The arrow closely misses the orc.
You shoot an arrow. The arrow closely misses the orc.
You shoot an arrow. The arrow hits the orc!
You kill the orc!
Things that are here:
a +0 club; a +0 leather armour; an orc corpse You now have 477 gold pieces (gained 2).
A black bear comes into view.
A black bear is nearby!
A black bear is nearby!
You shoot an arrow. The arrow hits the black bear!
The black bear looks as sick as possible!
The black bear growls angrily.
The black bear is moderately wounded.
You shoot an arrow. The arrow barely misses the black bear.
You shoot an arrow. The arrow barely misses the black bear.
You shoot an arrow.
The arrow completely misses the black bear.
The black bear goes berserk!
You shoot an arrow.
The arrow hits the black bear but does no damage.
The black bear looks as sick as possible!
The black bear is severely wounded.
You shoot an arrow. The arrow hits the black bear.
The black bear is severely wounded.
The black bear barely misses you. The black bear claws you. x2
You shoot an arrow.
The arrow closely misses the black bear.
The black bear closely misses you.
The black bear claws you but does no damage.
The black bear claws you. The black bear bites you.
The black bear claws you but does no damage. x2
You shoot an arrow. The arrow hits the black bear!
You kill the black bear!
Things that are here:
a +0 club; a +0 leather armour; an orc corpse
There is an open door here.
Key pressed, stopping explore.
Things that are here:
a +2 dire flail; a +0 robe Key pressed, stopping explore.
There is an open door here.
There is an open door here.
Found a falchion, a quarterstaff, a war axe and a hand axe.
Partly explored, can't reach some items and places.
Partly explored, can't reach some items and places.
Partly explored, can't reach some items and places.
Partly explored, can't reach some items and places.
Search for what [Enter for "leat", or ? for help]? ranged Unknown command.
Partly explored, can't reach some items and places.
Partly explored, can't reach some items and places.
Partly explored, can't reach some items and places.
(D) Dungeon (T) Temple
Where to? (Enter - D:6 @ (x,y), ? - help)
There is an open door here.
There is an open door here.
There is a stone staircase leading down here.
You climb downwards.
Found a robe.
There is a stone staircase leading up here.
Unknown command.
Found a spear.
Found 7 stones.
A bullfrog comes into view.
You see here a scroll labelled OTURGH LAYRGH.
You shoot an arrow. The arrow hits the bullfrog!
The bullfrog looks as sick as possible!
The bullfrog is severely wounded.
No target in view!
m - 6 scrolls labelled OTURGH LAYRGH (gained 1)
A bullfrog is nearby!
You shoot an arrow. The arrow closely misses the bullfrog.
You kill the bullfrog!
A gnoll comes into view. It is wielding a +0 halberd.
You shoot an arrow. The gnoll shouts!
The arrow hits the gnoll!
The gnoll is poisoned.
The gnoll is almost dead.
You hear a shout!
You shoot an arrow. The arrow hits the gnoll!
You kill the gnoll!
You see here 7 stones.
F - a wand of quicksilver (7)
A gnoll bouda comes into view. It is wielding a +0 whip.
You shoot an arrow. The gnoll bouda shouts!
The arrow hits the gnoll bouda!
The gnoll bouda is severely wounded.
You hear a shout! x3
You shoot an arrow.
The arrow closely misses the gnoll bouda.
The gnoll bouda barks out a call to the hunt!
A gnoll comes into view. It is wielding a +0 whip.
You shoot an arrow.
The arrow hits the gnoll bouda but does no damage.
The gnoll bouda is poisoned.
The gnoll bouda is severely wounded.
A gnoll comes into view. It is wielding a +0 whip.
You shoot an arrow. The arrow hits the gnoll bouda!
You kill the gnoll bouda!
A gnoll comes into view. It is wielding a +0 spear.
You shoot an arrow. The arrow barely misses the gnoll.
The arrow hits the gnoll but does no damage.
The gnoll is poisoned.
A gnoll comes into view. It is wielding a +0 flail.
You shoot an arrow. The arrow hits the gnoll!
The gnoll is severely wounded.
The gnoll closely misses you.
The gnoll hits you from afar with a +0 spear.
You shoot an arrow. The arrow hits the gnoll!
You kill the gnoll!
The gnoll hits you from afar with a +0 spear.
You shoot an arrow. The arrow hits the gnoll!
You kill the gnoll!
You shoot an arrow. The arrow hits the gnoll.
The gnoll is heavily wounded.
You shoot an arrow. The arrow barely misses the gnoll.
The arrow hits the gnoll!
You kill the gnoll!
The gnoll hits you with a +0 flail!
You shoot an arrow. The arrow hits the gnoll.
The gnoll is poisoned.
The gnoll is almost dead.
You kill the gnoll!
No target in view!
HP restored.
Things that are here:
a +0 flail; a +0 whip; a gnoll corpse
Items here: ))) [ †††.
Things that are here:
a +0 whip; a gnoll corpse You open the door.
Found two stone staircases leading down.
There is an open door here.
You now have 487 gold pieces (gained 10).
You open the door.
There is an open door here.
f - 4 sedimented black potions (gained 1)
Found a leather armour.
G - a scroll labelled SARHUJ BIESAME You now have 507 gold pieces (gained 20).
You open the door.
Found a stone staircase leading up.
There is an open door here.
There is a stone staircase leading up here.
You now have 518 gold pieces (gained 11).
You now have 538 gold pieces (gained 20).
You open the door.
There is an open door here.
You open the door.
There is an open door here.
k - 3 scrolls labelled CACYMOI RULY (gained 1)
Found 4 poisoned darts.
An orc comes into view.
It is wielding a +0 flail and wearing a +0 ring mail of fire resistance.
An orc is nearby!
You shoot an arrow. The arrow hits the orc!
You kill the orc!
Things that are here:
a +0 flail; 3 boomerangs; a +0 ring mail of fire resistance
Things that are here:
a +0 flail; 3 boomerangs; a +0 ring mail of fire resistance
H - a scroll labelled UWAISOL WUSUO
Found 2 poisoned darts.
Found a stone staircase leading up.
You open the door.
There is an open door here.
A sky beast comes into view.
A sky beast is nearby!
You shoot an arrow. The arrow hits the sky beast!
The sky beast is poisoned.
The sky beast is moderately wounded.
You shoot an arrow. The arrow hits the sky beast!
The sky beast looks as sick as possible!
The sky beast is almost dead.
You shoot an arrow. The arrow hits the sky beast!
You kill the sky beast!
You see here a sky beast corpse.
f - 5 sedimented black potions (gained 1)
You open the door.
There is an open door here.
There is an open door here.
Found a mace.
You see here a +0 mace.
D - 2 puce potions (gained 1)
Found a stone staircase leading down.
I - a wand of polymorph (4)
You open the door.
Found a ring mail.
There is an open door here.
f - 6 sedimented black potions (gained 1)
There is an open door here.
You open the door.
An ice beast is nearby!
An ice beast is nearby!
Okay, then.
Aiming: Polymorph
Press: ? - help, Shift-Dir - straight line, f - ice beast
Aim: an ice beast (will become a wyvern, a water moccasin, or a tengu, chance to affect: 49%)
Okay, then.
Okay, then.
Okay, then.
You don't know any spells.
Aiming: Quicksilver Bolt
Press: ? - help, Shift-Dir - straight line, f - ice beast
Aim: an ice beast (71% to hit)
The bolt of dispelling energy hits the ice beast!
The ice beast is heavily wounded.
The ice beast closely misses you.
Fire: a) +0 shortbow (venom)
Press: ? - help, Q - select action, (/) - cycle Shift-Dir - straight line, f/p - ice beast
Aim: an ice beast (heavily wounded, 69% to hit)
You shoot an arrow. The arrow hits the ice beast!
The ice beast is almost dead.
The ice beast hits you. The ice beast freezes you!
Fire: a) +0 shortbow (venom)
Press: ? - help, Q - select action, (/) - cycle Shift-Dir - straight line, f/p - ice beast
Aim: an ice beast (black smoke, almost dead, 69% to hit)
You shoot an arrow.
The arrow hits the ice beast but does no damage.
The ice beast is poisoned.
The ice beast is almost dead.
The ice beast hits you but does no damage.
Fire: a) +0 shortbow (venom)
Press: ? - help, Q - select action, (/) - cycle Shift-Dir - straight line, f/p - ice beast
Aim: an ice beast (almost dead, very poisoned, 69% to hit)
You shoot an arrow. The arrow barely misses the ice beast.
The ice beast hits you. The ice beast freezes you!
Fire: a) +0 shortbow (venom)
Press: ? - help, Q - select action, (/) - cycle Shift-Dir - straight line, f/p - ice beast
Aim: an ice beast (almost dead, very poisoned, 69% to hit)
You shoot an arrow. The arrow barely misses the ice beast.
The ice beast closely misses you.
Fire: a) +0 shortbow (venom)
Press: ? - help, Q - select action, (/) - cycle Shift-Dir - straight line, f/p - ice beast
Aim: an ice beast (almost dead, very poisoned, 69% to hit)
You shoot an arrow. The arrow hits the ice beast!
You kill the ice beast!
There is an open door here.
You now have 554 gold pieces (gained 16).
Found a glowing golden altar of the Shining One.
There is an open door here.
There is an open door here.
A two-headed ogre comes into view. It is wielding two +0 giant clubs.
Found a scale mail.
Found a hazy altar of Hepliaklqana.
A two-headed ogre is nearby!
Why would you want to do that?
There is an open door here.
There is an open door here.
You start waiting.
Done waiting.
You start waiting.
Done waiting.
Unknown command.
What are your orders? t - Shout!
Orders for allies: a - Attack new target. r - Retreat! s - Stop attacking. g - Guard the area. f - Follow me.
Anything else - Cancel.
You shout for attention!
You start waiting.
A two-headed ogre is nearby!
There is an open door here.
The two-headed ogre shouts in stereo!
You see here a +0 whip.
Items here: ))) [.
Things that are here:
a +0 flail; a +0 whip
There is a stone staircase leading up here.
Fire: a) +0 shortbow (venom)
Press: ? - help, Q - select action, (/) - cycle Shift-Dir - straight line, f - two-headed ogre
Aim: a two-headed ogre, wielding two +0 giant clubs (80% to hit)
You shoot an arrow.
The arrow hits the two-headed ogre but does no damage.
The two-headed ogre is poisoned.
Fire: a) +0 shortbow (venom)
Press: ? - help, Q - select action, (/) - cycle Shift-Dir - straight line, f/p - two-headed ogre
Aim: a two-headed ogre, wielding two +0 giant clubs (very poisoned, 80% to hit)
You shoot an arrow. The arrow hits the two-headed ogre!
The two-headed ogre looks as sick as possible!
The two-headed ogre is moderately wounded.
Fire: a) +0 shortbow (venom)
Press: ? - help, Q - select action, (/) - cycle Shift-Dir - straight line, f/p - two-headed ogre
Aim: a two-headed ogre, wielding two +0 giant clubs (moderately wounded, extremely poisoned, 80% to hit)
You shoot an arrow. The arrow hits the two-headed ogre.
The two-headed ogre looks as sick as possible!
The two-headed ogre is moderately wounded.
You climb upwards.
There is a stone staircase leading down here.
You see here 8 stones.
There is a stone staircase leading down here.
You climb downwards.
There is a stone staircase leading up here.
You see here a +0 mace.
As you open the door, it creaks loudly!
There is an open door here.
There is an open door here.
Done exploring.
Done exploring.
Done exploring.
Done exploring.
(D) Dungeon (T) Temple
Where to? (Enter - D:6 @ (x,y), ? - help)
There is an open door here.
There is a stone staircase leading down here.
You climb downwards.
Found a rapier.
There is a stone staircase leading up here.
Unknown command.
There is a stone staircase leading up here.
Found a chain mail.
You now have 566 gold pieces (gained 12).
You open the door.
A shadow imp comes into view.
A shadow imp is nearby!
You shoot an arrow. The arrow hits the shadow imp.
The shadow imp is lightly wounded.
You shoot an arrow. The arrow hits the shadow imp.
The shadow imp is heavily wounded.
You shoot an arrow. The arrow hits the shadow imp!
You kill the shadow imp!
No target in view!
There is an open door here.
As you open the door, it creaks loudly!
There is an open door here.
You open the door.
There is an open door here.
You see here a +0 chain mail.
Found a stone staircase leading down.
There is a stone staircase leading down here.
An orc wizard comes into view. It is wielding a +0 dagger.
Found 13 gold pieces.
You shoot an arrow.
The arrow hits the orc wizard but does no damage.
The orc wizard is poisoned.
The orc wizard shouts!
You hear a howl! x2; You hear a shout!
You hear a bellow!
You hear a shout!
You shoot an arrow. The arrow hits the orc wizard.
The orc wizard looks as sick as possible!
The orc wizard is heavily wounded.
You shoot an arrow.
The arrow hits the orc wizard but does no damage.
The orc wizard looks as sick as possible!
The orc wizard is almost dead.
You kill the orc wizard!
A warg comes into view.
A warg is nearby!
A warg is nearby!
You shoot an arrow.
The arrow hits the warg but does no damage.
A warg comes into view.
An orc comes into view. It is wielding a +0 whip.
You shoot an arrow.
The arrow hits the warg but does no damage.
The warg is poisoned.
You shoot an arrow. The arrow closely misses the warg.
The arrow barely misses the warg.
You shoot an arrow. The arrow hits the warg!
The warg is heavily wounded.
The warg pauses to sniff the ground.
The warg barely misses you.
The warg stops to sniff the ground.
The warg bites you.
You shoot an arrow. The arrow barely misses the warg.
The arrow closely misses the warg.
The warg barely misses you.
You shoot an arrow. The arrow closely misses the warg.
The arrow hits the warg.
The warg is lightly wounded.
The warg closely misses you.
You shoot an arrow. The arrow barely misses the warg.
The arrow closely misses the warg.
The arrow hits the orc!
You kill the orc!
The warg bites you.
You shoot an arrow.
The arrow hits the warg but does no damage.
The warg is heavily wounded.
The warg looks more healthy.
The warg bites you but does no damage.
You shoot an arrow. The arrow hits the warg!
The warg is almost dead.
The warg bites you! x2
You are too injured to fight recklessly!
You are too injured to fight recklessly!
Fire: a) +0 shortbow (venom)
Press: ? - help, Q - select action, (/) - cycle Shift-Dir - straight line, f/p - warg
Aim: a warg (almost dead, 63% to hit)
You shoot an arrow. The arrow hits the warg!
You kill the warg!
You have reached level 9!
Your experience leads to a dramatic increase in your attributes!
Increase (S)trength, (I)ntelligence, or (D)exterity?
You feel agile. x4
Fire: a) +0 shortbow (venom)
Press: ? - help, Q - select action, (/) - cycle Shift-Dir - straight line, f - warg
Aim: a warg (lightly wounded, 65% to hit)
You shoot an arrow. The arrow hits the warg!
The warg is poisoned.
The warg is heavily wounded.
The warg bites you!
* * * LOW HITPOINT WARNING * * *
The warg bites you!
* * * LOW HITPOINT WARNING * * *
Fire: a) +0 shortbow (venom)
Press: ? - help, Q - select action, (/) - cycle Shift-Dir - straight line, f/p - warg
Aim: a warg (heavily wounded, very poisoned, 65% to hit)
You shoot an arrow. The arrow hits the warg.
The warg is severely wounded.
The warg closely misses you.
Fire: a) +0 shortbow (venom)
Press: ? - help, Q - select action, (/) - cycle Shift-Dir - straight line, f/p - warg
Aim: a warg (severely wounded, very poisoned, 65% to hit)
You shoot an arrow. The arrow barely misses the warg.
The warg bites you!
You die...

#...# ## #######...#
.# #.....o...#
.###.#.####...#
.#............#
##.#######.h.#######
#.# ###.........#
#.# #....######.#
##.### #....)..h@..#
.....# #...######..#
##...###...# ..#
####.......# ..#
..........## ..#
####......### ..#
####>....# ..#
#...#.# .## #...#.#


You could see a warg (very poisoned).

Vanquished Creatures
  A warg (D:8)
  A water moccasin (D:5)
  An ice beast (D:7)
  3 black bears
  A sky beast (D:7)
  An ogre (D:6)
  A centaur (D:5)
  2 elf zombies (Ossuary)
  A bullfrog (D:7)
  2 scorpions
  4 wights (D:6)
  A howler monkey (D:4)
  3 centaur zombies (Ossuary)
  2 human zombies (Ossuary)
  A hound (D:5)
  2 jellies (D:4)
  An orc priest (D:4)
  A gnoll bouda (D:7)
  2 iguanas
  Natasha (thrice) (D:4)
  7 orc wizards
  Terence (D:3)
  2 mummies (Ossuary)
  15 gnolls
  5 adders
  A river rat (D:4)
  A shadow imp (D:8)
  A white imp (D:6)
  An adder zombie (Ossuary)
  A worm (D:4)
  4 dart slugs
  13 orcs
  8 ball pythons
  4 endoplasms
  2 giant cockroaches
  5 goblins
  6 hobgoblins
  4 jackals
  7 quokkas
  4 bats
  3 frilled lizards
  13 hobgoblin zombies (Ossuary)
  5 kobolds
  10 kobold zombies (Ossuary)
  3 orc zombies (Ossuary)
  7 rats
  3 rat zombies (Ossuary)
170 creatures vanquished.

Vanquished Creatures (others)
  A plant (D:8)
1 creature vanquished.

Grand Total: 171 creatures vanquished

Notes
Turn   | Place    | Note
-------+----------+-------------------------------------------
     0 | D:1      | sleeves the Demigod Hunter began the quest for the Orb.
     0 | D:1      | Reached XP level 1. HP: 17/17 MP: 3/3
    35 | D:1      | Reached skill level 4 in Ranged Weapons
    35 | D:1      | Reached XP level 2. HP: 17/24 MP: 4/4
   248 | D:1      | Found Piduc's Armour Boutique.
   644 | D:1      | Reached XP level 3. HP: 29/29 MP: 5/5
  1428 | D:2      | Reached skill level 5 in Ranged Weapons
  1927 | D:3      | Noticed Terence
  1966 | D:2      | HP: 13/29 [poisoned by an adder]
  1968 | D:2      | Reached XP level 4. HP: 16/36 MP: 6/6
  2119 | D:3      | Killed Terence
  2726 | D:4      | Reached skill level 6 in Ranged Weapons
  2726 | D:4      | Reached XP level 5. HP: 41/41 MP: 7/7
  2840 | D:4      | Found a sand-covered staircase.
  2853 | Ossuary  | Entered an ossuary
  3018 | Ossuary  | Reached XP level 6. HP: 36/48 MP: 8/8
  3021 | Ossuary  | HP: 22/48 [human zombie (4)]
  3022 | Ossuary  | Reached skill level 7 in Ranged Weapons
  3263 | Ossuary  | Reached skill level 8 in Ranged Weapons
  3421 | D:4      | Reached XP level 7. HP: 53/53 MP: 9/9
  3687 | D:4      | Noticed Natasha
  3693 | D:4      | Killed Natasha
  3708 | D:4      | Noticed Natasha
  3714 | D:4      | Killed Natasha
  4084 | D:4      | Noticed Natasha
  4091 | D:4      | Killed Natasha
  4305 | D:5      | Entered Level 5 of the Dungeon
  4319 | D:5      | HP: 17/53 [centaur/arrow (15)]
  4319 | D:5      | HP: 8/53 [gnoll/+0 whip (9)]
  4321 | D:5      | Reached skill level 9 in Ranged Weapons
  4915 | D:5      | Reached XP level 8. HP: 60/60 MP: 10/10
  4927 | D:5      | Reached skill level 10 in Ranged Weapons
  5190 | D:5      | Found a runed translucent door.
  5191 | D:5      | Noticed Crazy Yiuf
  5629 | D:6      | Reached skill level 11 in Ranged Weapons
  6050 | D:6      | Found a staircase to the Ecumenical Temple.
  7432 | D:7      | Noticed a two-headed ogre
  8125 | D:8      | Reached XP level 9. HP: 41/67 MP: 11/11
  8125 | D:8      | HP: 26/67 [warg (15)]
  8125 | D:8      | HP: 11/67 [warg (15)]
  8127 | D:8      | Slain by a warg

Illustrated notes

Levels and vault maps discovered:
D:1:      amcnicky_arrival_wind_blow, layout_loops_corners, serial_shops, shop,
          minmay_pentomino_o2
D:2:      layout_loops_ring, serial_co_window_serial, co_window_corner_a,
          co_window_of_opportunity_a, co_window_corner_a, co_window_corner_a,
          co_window_corner_a, co_window_corner_b, co_window_paths_c,
          co_window_unsneaky_path_b, glass_columns_a, glass_columns_b,
          cheibrodos_gnoll_hut
D:3:      layout_basic, shapermc_ecumenical_altar_mp_urbaneastern, minivault_14,
          grunt_decor_one_mirror, uniq_terence
D:4:      layout_loops_corners, lightli_ossuary_entry_decrepit_ruins,
          gup_sewer_entry_spiral, uniq_natasha
D:5:      layout_loops_corners, kennysheep_mini, uniq_crazy_yiuf_cottage
D:6:      black_bear_nest_1, layout_gridville, nicolae_wu_jian_glorious_leap,
          minmay_temple_entry_waves, minmay_misc_feat_rugged,
          minmay_misc_feat_ornament
D:7:      layout_loops_corners, mainiacjoe_overflow_two_lobes,
          grunt_decor_resistance
D:8:      layout_basic, lemuel_tele_altar, hangedman_ru_absence,
          erik_lair_orcish_takeover, nzn_life_drinkers

Skill      XL: |  1  2  3  4  5  6  7  8 |
---------------+-------------------------+-----
Ranged Weapons | 4 5 6 8 9 11 | 11.9
Fighting       | |  1.7
Dodging        | |  1.7
Stealth        | |  0.8

Action                   |  1- 3 |  4- 6 |  7- 9 || total
-------------------------+-------+-------+-------++-------
 Fire: Shortbow          |   103 |   175 |   205 ||   483
Evoke: Wand              |       |       |     1 ||     1
  Use: Scroll            |       |       |     1 ||     1
Armor: Leather armour    |    13 |    23 |     2 ||    38
       Robe              |       |       |     7 ||     7
Dodge: Dodged            |    38 |    74 |    32 ||   144

Table legend: (Time is in decaauts)
 A = Elapsed time spent in this place.
 B = Non-inter-level travel time spent in this place.
 C = Inter-level travel time spent in this place.
 D = Time resting spent in this place.
 E = Time spent auto-exploring this place.
 F = Levels seen in this place.
 G = Mean time per level.
                   A        B        C        D        E       F      G
               +--------+--------+--------+--------+--------+-----+--------+
         Total |   8234 |   7819 |    415 |    383 |   6046 |   9 |  914.9 |
       Dungeon |   7702 |   7287 |    415 |    383 |   5868 |   8 |  962.8 |
       Ossuary |    531 |    531 |      0 |      0 |    178 |   1 |  531.0 |
               +--------+--------+--------+--------+--------+-----+--------+

Top non-repeatable levels by time:
     D:7: 1470 daAuts
     D:5: 1225 daAuts
     D:4: 1142 daAuts
     D:1: 1026 daAuts
     D:6: 987 daAuts
     D:2: 970 daAuts
     D:3: 743 daAuts
 Ossuary: 531 daAuts
     D:8: 138 daAuts
